 Dungeon Sprint DCSS version 0.31-a0-986-g5e6e4ef867 (webtiles) character file.

Game seed: 13935628847424347829

32400000 Monkooky the Wishgranter (level 27, 11/228 HPs)
             Began as a Djinni Warper on Nov 23, 2023.
             Was the Champion of Makhleb.
             Escaped with the Orb!
             The game lasted 00:08:15 (162 turns).

Monkooky the Wishgranter (Djinni Warper)             Turns: 162, Time: 00:08:16

Health: 11/228     AC:  6    Str: 10    XL:     27
Gold:   0          EV: 26    Int: 27    God:    Makhleb [******] SH:  0 Dex: 15

rFire   + + .        i - +∞ Axe of Woe
rCold   x . .        (shield currently unavailable)
rNeg    . . .        b - +0 leather armour
rPois   ∞            (no helmet)
rElec   .            (no cloak)
rCorr   .            (no gloves)
SInv    +            (boots unavailable)
Will    ++...        (no amulet)
Stlth   +++          j - ring of see invisible
HPRegen 0.58/turn    (no ring)
MPRegen 0.00/turn

%: no teleportation
@: in death's door (expiring), flying, hasted and slowed
A: sickness immunity, fire resistance 2, cold vulnerability 1, float, innate
caster, HP casting, extra vitality 1
0: Orb of Zot
a: Renounce Religion, Minor Destruction, Lesser Servant of Makhleb, Major
Destruction, Greater Servant of Makhleb


You escaped.
You worshipped Makhleb.
Makhleb was exalted by your worship.
You visited 1 branch

Inventory:

Hand Weapons
 a - a +0 hand axe
 i - the +∞ Axe of Woe (weapon)
   (You found it in the Dungeon)
Missiles
 d - 7 darts of dispersal
Armour
 b - a +0 leather armour (worn)
Jewellery
 j - a ring of see invisible (left hand)
Potions
 e - a potion of curing
 f - a potion of heal wounds
 h - a potion of berserk rage


   Skills:
 O Level 27 Fighting
 O Level 27 Short Blades
 O Level 27 Long Blades
 O Level 27 Axes
 O Level 27 Maces & Flails
 O Level 27 Polearms
 O Level 27 Staves
 O Level 27 Ranged Weapons
 O Level 27 Throwing
 O Level 27 Armour
 O Level 27 Dodging
 O Level 27 Stealth
 O Level 27 Shields
 O Level 27 Unarmed Combat
 O Level 27 Spellcasting
 O Level 27 Conjurations
 O Level 27 Hexes
 O Level 27 Summonings
 O Level 27 Necromancy
 O Level 27 Translocations
 O Level 27 Transmutations
 O Level 27 Fire Magic
 O Level 27 Ice Magic
 O Level 27 Air Magic
 O Level 27 Earth Magic
 O Level 27 Poison Magic
 O Level 27 Invocations
 O Level 27 Evocations
 O Level 27 Shapeshifting


You knew the following spells:

 Your Spells              Type           Power      Damage    Failure   Level
a - Blink                 Tloc           100%       N/A       0%          2
b - Lesser Beckoning      Tloc           100%       N/A       0%          2
c - Teleport Other        Tloc           100%       N/A       0%          3
d - Manifold Assault      Tloc           100%       N/A       0%          4
e - Vhi's Electric Charg  Tloc/Air       100%       N/A       0%          4
f - Shock                 Conj/Air       100%       1d9       0%          1
g - Momentum Strike       Conj/Tloc      100%       3d10      0%          2
h - Hailstorm             Conj/Ice       100%       3d20      0%          3
i - Petrify               Tmut/Erth      100%       N/A       0%          4
j - Agony                 Necr           100%       N/A       0%          5
k - Fireball              Conj/Fire      55%        3d21      0%          5
l - Plasma Beam           Fire/Air       55%        2x1d70    0%          6
m - Haunt                 Necr/Summ      55%        N/A       0%          7
n - Monstrous Menagerie   Summ           55%        N/A       0%          7
o - Infestation           Necr           55%        N/A       1%          8
p - Maxwell's Capacitive  Air            55%        ∞         1%          8
q - Death's Door          Necr           55%        N/A       1%          9
r - Chain Lightning       Conj/Air       55%        3d73      1%          9
Your spell library was empty.

Dungeon Overview and Level Annotations

Branches:
Dungeon (1/1)

Altars:
Makhleb


Innate Abilities, Weirdness & Mutations

You are immune to sickness and miasma.
You are immune to poison.
Your flesh is very heat resistant. (rF++)
You are vulnerable to cold. (rC-)
You float through the air rather than walking.
You learn spells naturally, not from books.
Your magical power is your life essence.
You have superior vitality. (+4 MHP)


Message History

The eight-headed meat hydra bites you. The eight-headed meat hydra bites you!
The eight-headed meat hydra bites you. x2
The eight-headed meat hydra bites you! x2
The eight-headed meat hydra bites you. x2
The tyrant waves its bony arms in wide circles.
The air twists around and strikes you!!!
The bag of meat hits you with a +9 war axe!!!
The sculptor of flesh attacks as it pursues you!
The sculptor of flesh hits you with a +9 great sword!!!!!
The fleshlord casts a spell at you.
You barely resist.
The large bag of meat moves out of view.
The meat beast moves out of view.
There is a staircase leading out of the dungeon, spattered with blood here.
Items here: )) == ††.
Unknown command.
The meat berserker rages.
The eight-headed meat hydra calls on the powers of darkness!
The eight-headed meat hydra convulses!
The fleshlord convulses!
The meat berserker convulses!
The fleshlord convulses!
The bag of meat convulses!
The fleshlord convulses!
The eight-headed meat hydra convulses!
The scourge convulses!
The fleshlord convulses!
The bag of meat convulses!
Your body is wracked with pain!
The fleshlord convulses!
The bag of meat convulses!
The meat berserker convulses!
The bag of meat convulses! x2
The bag of meat hits you with a +9 war axe!!
The eight-headed meat hydra calls on the powers of darkness!
The eight-headed meat hydra convulses!
The observer convulses!
The bag of meat convulses!
The observer convulses!
The meat berserker convulses! x2; The bag of meat convulses! x2
The fleshlord convulses!
Your body is wracked with pain!
The bag of meat convulses! x2; The fleshlord convulses! x2
The meat berserker convulses!
The observer gazes at you. Something smites you!
The accursed points at you and mumbles some strange words.
Something smites you! The sculptor of flesh misses you.
The bag of meat hits you with a +9 war axe!
You have escaped!

.☼.o)X.XX..)))).)...o
)).2OX.)))))..p....
..#..).)).#...D)... .
#OXMz.4.#....p..o
..###X4)..M.###.).).o
..p.)X.###).D...)))
....2).z&pOSD.o.)..
....)#popop#.......
.....#3z@._#......
.Gz. #.op2.#..o...
z....oLO_D........
....O..###..).o°p.
.###oG ...###O.. #D.
..# #G. ..# .. .M


You could see 2 accurseds, Vageotel, a tentacled monstrosity (summoned), 3 meat
beasts, a tyrant, 4 eight-headed meat hydras, 2 observers, a scourge, 6
fleshlords, 2 sculptors of flesh, an orange demon, 2 large abominations, an ice
devil (summoned), a ynoxinul (summoned), 5 meat berserkers and 6 bags of meat.

Vanquished Creatures
  Dispater (D)
  21 hell knights (D)
  Sigmund (D)
  21 hell beasts (D)
  16 royal mummies (D)
  9 great orbs of eyes (D)
  12 wraiths (D)
  Harold (D)
  19 vampire knights (D)
  58 ogres (D)
  9 two-headed ogres (D)
  9 liches (D)
  11 hydras (D)
  11 phantoms (D)
  126 orcs (D)
  15 skeletal warriors (D)
  11 sea snakes (D)
351 creatures vanquished.

Notes
Turn   | Place    | Note
-------+----------+-------------------------------------------
     0 | D        | Found the +∞ Axe of Woe
     0 | D        | Monkooky the Djinni Warper began the quest for the Orb.
     0 | D        | Monkooky set off with the following spells memorised:
                  | Blink, Lesser Beckoning, Teleport Other, Manifold Assault,
                  | Vhi's Electric Charge.
     0 | D        | Reached XP level 1. HP: 18/18 MP: 0/0
     0 | D        | Noticed a meat berserker
     2 | D        | Noticed a bag of meat
     3 | D        | Killed a meat berserker
     3 | D        | Noticed a meat berserker
     3 | D        | Noticed a bag of meat
     4 | D        | Reached XP level 2. HP: 23/23 MP: 0/0
     4 | D        | Reached XP level 3. HP: 28/28 MP: 0/0
     4 | D        | Learned a level 1 spell: Shock
     4 | D        | Reached XP level 4. HP: 33/33 MP: 0/0
     4 | D        | Reached XP level 5. HP: 38/38 MP: 0/0
     4 | D        | Learned a level 2 spell: Momentum Strike
     4 | D        | Reached XP level 6. HP: 43/43 MP: 0/0
     4 | D        | Reached XP level 7. HP: 49/49 MP: 0/0
     4 | D        | Learned a level 3 spell: Hailstorm
     4 | D        | Reached XP level 8. HP: 54/54 MP: 0/0
     4 | D        | Reached XP level 9. HP: 58/58 MP: 0/0
     4 | D        | Learned a level 4 spell: Petrify
     4 | D        | Reached XP level 10. HP: 64/64 MP: 0/0
     4 | D        | Reached XP level 11. HP: 68/68 MP: 0/0
     4 | D        | Learned a level 5 spell: Agony
     4 | D        | Reached XP level 12. HP: 74/74 MP: 0/0
     4 | D        | Noticed a bag of meat
     5 | D        | Became a worshipper of Makhleb the Destroyer
     6 | D        | Killed a meat berserker
     6 | D        | Noticed a bag of meat
     7 | D        | Reached XP level 13. HP: 78/78 MP: 0/0
     7 | D        | Learned a level 5 spell: Fireball
     7 | D        | Killed a bag of meat
     7 | D        | Reached * piety under Makhleb
     7 | D        | Killed a bag of meat
     8 | D        | Reached XP level 14. HP: 81/85 MP: 0/0
     9 | D        | Killed a bag of meat
     9 | D        | Killed a bag of meat
     9 | D        | Reached ** piety under Makhleb
    10 | D        | Reached XP level 15. HP: 89/89 MP: 0/0
    10 | D        | Learned a level 6 spell: Plasma Beam
    10 | D        | Noticed a meat berserker
    10 | D        | Noticed a meat berserker
    10 | D        | Noticed a meat berserker
    10 | D        | Noticed a meat berserker
    10 | D        | Noticed a meat berserker
    11 | D        | Noticed a meat berserker
    11 | D        | Noticed a meat berserker
    11 | D        | Noticed a meat berserker
    11 | D        | Killed a meat berserker
    11 | D        | Noticed a meat berserker
    12 | D        | Killed a meat berserker
    13 | D        | Reached XP level 16. HP: 56/94 MP: 0/0
    13 | D        | Killed a meat berserker
    13 | D        | Reached *** piety under Makhleb
    13 | D        | Killed a meat berserker
    13 | D        | Killed a meat berserker
    13 | D        | Noticed a meat berserker
    14 | D        | Reached skill level 27 in Spellcasting
    14 | D        | Reached skill level 27 in Conjurations
    14 | D        | Reached skill level 27 in Hexes
    14 | D        | Reached skill level 27 in Summonings
    14 | D        | Reached skill level 27 in Necromancy
    14 | D        | Reached skill level 27 in Translocations
    14 | D        | Reached skill level 27 in Transmutations
    14 | D        | Reached skill level 27 in Fire Magic
    14 | D        | Reached skill level 27 in Ice Magic
    14 | D        | Reached skill level 27 in Air Magic
    14 | D        | Reached skill level 27 in Earth Magic
    14 | D        | Reached skill level 27 in Poison Magic
    14 | D        | Reached skill level 5 in Armour
    14 | D        | Reached XP level 17. HP: 129/133 MP: 0/0
    14 | D        | Learned a level 7 spell: Haunt
    14 | D        | Reached **** piety under Makhleb
    14 | D        | Reached ***** piety under Makhleb
    15 | D        | Reached XP level 18. HP: 153/153 MP: 0/0
    15 | D        | Noticed a meat berserker
    16 | D        | Noticed a meat berserker
    16 | D        | Noticed a meat berserker
    17 | D        | Reached skill level 27 in Dodging
    17 | D        | Reached ****** piety under Makhleb
    18 | D        | Reached skill level 27 in Fighting
    18 | D        | Reached XP level 19. HP: 174/174 MP: 0/0
    18 | D        | Learned a level 7 spell: Monstrous Menagerie
    18 | D        | Killed a meat berserker
    19 | D        | Noticed a large bag of meat
    19 | D        | Noticed a large bag of meat
    20 | D        | Reached skill level 27 in Armour
    20 | D        | Reached XP level 20. HP: 181/181 MP: 0/0
    20 | D        | Killed a meat berserker
    20 | D        | Killed a meat berserker
    21 | D        | Reached skill level 27 in Axes
    21 | D        | Killed a meat berserker
    22 | D        | Reached skill level 27 in Throwing
    22 | D        | Reached XP level 21. HP: 187/187 MP: 0/0
    22 | D        | Learned a level 8 spell: Infestation
    22 | D        | Killed a large bag of meat
    22 | D        | Noticed a meat berserker
    23 | D        | Reached XP level 22. HP: 194/194 MP: 0/0
    23 | D        | Noticed a meat berserker
    24 | D        | Reached skill level 15 in Maces & Flails
    24 | D        | Reached skill level 15 in Polearms
    24 | D        | Killed a meat berserker
    24 | D        | Killed a large bag of meat
    24 | D        | Killed a meat berserker
    24 | D        | Noticed a destroyer
    25 | D        | Reached XP level 23. HP: 190/201 MP: 0/0
    25 | D        | Learned a level 8 spell: Maxwell's Capacitive Coupling
    27 | D        | Reached XP level 24. HP: 204/208 MP: 0/0
    29 | D        | Reached skill level 27 in Unarmed Combat
    29 | D        | Killed a destroyer
    29 | D        | Noticed a destroyer
    31 | D        | Reached skill level 27 in Maces & Flails
    31 | D        | Reached skill level 27 in Polearms
    31 | D        | Reached skill level 27 in Stealth
    31 | D        | Reached XP level 25. HP: 209/214 MP: 0/0
    31 | D        | Learned a level 9 spell: Death's Door
    32 | D        | Reached skill level 5 in Ranged Weapons
    32 | D        | Reached skill level 5 in Shapeshifting
    32 | D        | Noticed a large bag of meat
    33 | D        | Noticed a large bag of meat
    34 | D        | Noticed a destroyer
    34 | D        | Killed a destroyer
    35 | D        | Reached skill level 10 in Shields
    35 | D        | Reached skill level 10 in Invocations
    35 | D        | Reached skill level 10 in Evocations
    35 | D        | Killed a destroyer
    36 | D        | Reached XP level 26. HP: 221/221 MP: 0/0
    37 | D        | Noticed a destroyer
    38 | D        | Reached skill level 15 in Shields
    38 | D        | Reached skill level 15 in Invocations
    38 | D        | Reached skill level 15 in Evocations
    38 | D        | Killed a large bag of meat
    39 | D        | Reached skill level 15 in Short Blades
    39 | D        | Reached skill level 15 in Long Blades
    39 | D        | Reached skill level 15 in Staves
    39 | D        | Killed a destroyer
    40 | D        | Killed a large bag of meat
    41 | D        | Reached skill level 15 in Ranged Weapons
    41 | D        | Reached skill level 15 in Shapeshifting
    43 | D        | Reached XP level 27. HP: 69/228 MP: 0/0
    43 | D        | Learned a level 9 spell: Chain Lightning
    51 | D        | Noticed an accursed
    51 | D        | Killed an accursed
    52 | D        | Noticed a tyrant
    52 | D        | Noticed a tyrant
    53 | D        | Killed a tyrant
    53 | D        | Noticed an accursed
    54 | D        | Noticed a tyrant
    54 | D        | Killed a tyrant
    54 | D        | Killed a tyrant
    54 | D        | Killed an accursed
    55 | D        | Reached skill level 27 in Shields
    55 | D        | Reached skill level 27 in Invocations
    55 | D        | Reached skill level 27 in Evocations
    55 | D        | Noticed a destroyer
    56 | D        | Killed a destroyer
    56 | D        | Noticed a destroyer
    57 | D        | Reached skill level 27 in Short Blades
    57 | D        | Reached skill level 27 in Long Blades
    57 | D        | Reached skill level 27 in Staves
    57 | D        | Killed a destroyer
    58 | D        | Reached skill level 27 in Ranged Weapons
    58 | D        | Reached skill level 27 in Shapeshifting
    59 | D        | Noticed an accursed
    59 | D        | Noticed a destroyer
    60 | D        | Killed an accursed
    60 | D        | Killed a destroyer
    60 | D        | Noticed a destroyer
    61 | D        | Killed a destroyer
    62 | D        | Noticed a tyrant
    63 | D        | Killed a tyrant
    64 | D        | Noticed a large bag of meat
    65 | D        | Noticed an accursed
    66 | D        | Killed an accursed
    67 | D        | Killed a large bag of meat
    67 | D        | Noticed a destroyer
    68 | D        | Killed a destroyer
    68 | D        | Noticed a meat beast
    69 | D        | Killed a meat beast
    69 | D        | Noticed a meat beast
    69 | D        | Noticed a dread
    70 | D        | Killed a dread
    70 | D        | Killed a meat beast
    70 | D        | Noticed a meat beast
    70 | D        | Noticed a tyrant
    71 | D        | Killed a tyrant
    71 | D        | Killed a meat beast
    72 | D        | Noticed a meat beast
    72 | D        | Killed a meat beast
    75 | D        | Noticed a meat beast
    75 | D        | Noticed a meat beast
    76 | D        | Killed a meat beast
    77 | D        | Killed a meat beast
    77 | D        | Noticed a meat beast
    77 | D        | Noticed a large bag of meat
    77 | D        | Noticed an accursed
    78 | D        | Killed a large bag of meat
    78 | D        | Killed an accursed
    78 | D        | Noticed an accursed
    79 | D        | Killed a meat beast
    79 | D        | Killed an accursed
    80 | D        | Noticed a destroyer
    81 | D        | Killed a destroyer
    81 | D        | Noticed a dread
    81 | D        | Noticed a dread
    82 | D        | Killed a dread
    82 | D        | Killed a dread
    84 | D        | Noticed a large bag of meat
    85 | D        | Killed a large bag of meat
    85 | D        | Noticed a meat beast
    85 | D        | Noticed a dread
    85 | D        | Noticed a dread
    86 | D        | Killed a meat beast
    87 | D        | Killed a dread
    87 | D        | Killed a dread
    87 | D        | Noticed a dread
    87 | D        | Noticed an accursed
    88 | D        | Killed an accursed
    88 | D        | Killed a dread
    88 | D        | Noticed a meat beast
    89 | D        | Killed a meat beast
    90 | D        | Noticed an accursed
    91 | D        | Noticed a tyrant
    91 | D        | Killed an accursed
    91 | D        | Killed a tyrant
    91 | D        | Noticed an accursed
    92 | D        | Killed an accursed
    96 | D        | Noticed an accursed
    97 | D        | Noticed an accursed
    97 | D        | Killed an accursed
    97 | D        | Killed an accursed
    97 | D        | Noticed an accursed
    98 | D        | Killed an accursed
    98 | D        | Noticed a large bag of meat
    99 | D        | Noticed an accursed
    99 | D        | Killed an accursed
    99 | D        | Killed a large bag of meat
    99 | D        | Noticed a tyrant
   100 | D        | Killed a tyrant
   101 | D        | Noticed a tyrant
   102 | D        | Killed a tyrant
   102 | D        | Noticed a meat beast
   102 | D        | Noticed a destroyer
   103 | D        | Killed a meat beast
   103 | D        | Killed a destroyer
   105 | D        | Noticed a meat beast
   105 | D        | Noticed a destroyer
   105 | D        | Noticed a meat beast
   106 | D        | Killed a destroyer
   106 | D        | Killed a meat beast
   106 | D        | Noticed a destroyer
   107 | D        | Killed a destroyer
   107 | D        | Killed a meat beast
   107 | D        | Noticed a tyrant
   108 | D        | Killed a tyrant
   108 | D        | Noticed a dread
   109 | D        | Killed a dread
   114 | D        | Noticed a destroyer
   114 | D        | Noticed a dread
   115 | D        | Killed a destroyer
   115 | D        | Noticed The Captor
   116 | D        | Killed a dread
   116 | D        | Killed The Captor
   116 | D        | Noticed The Servant
   117 | D        | Killed The Servant
   119 | D        | Noticed a fleshlord
   119 | D        | Killed a fleshlord
   119 | D        | Noticed a dread
   120 | D        | Noticed a fleshlord
   120 | D        | Killed a fleshlord
   120 | D        | Killed a dread
   121 | D        | Noticed a fleshlord
   121 | D        | Killed a fleshlord
   123 | D        | Noticed a fleshlord
   123 | D        | Killed a fleshlord
   123 | D        | Noticed a fleshlord
   124 | D        | Noticed a fleshlord
   124 | D        | Noticed a fleshlord
   124 | D        | Killed a fleshlord
   124 | D        | Killed a fleshlord
   124 | D        | Noticed a large bag of meat
   125 | D        | Killed a fleshlord
   125 | D        | Killed a large bag of meat
   126 | D        | Noticed a fleshlord
   126 | D        | Noticed an accursed
   127 | D        | Killed a fleshlord
   127 | D        | Killed an accursed
   127 | D        | Noticed a fleshlord
   128 | D        | Killed a fleshlord
   128 | D        | Noticed a destroyer
   128 | D        | Noticed a fleshlord
   129 | D        | Killed a destroyer
   129 | D        | Killed a fleshlord
   129 | D        | Noticed a fleshlord
   129 | D        | Noticed a fleshlord
   129 | D        | Noticed a fleshlord
   129 | D        | Noticed a fleshlord
   130 | D        | Killed a fleshlord
   130 | D        | Killed a fleshlord
   131 | D        | Killed a fleshlord
   131 | D        | Killed a fleshlord
   131 | D        | Noticed a destroyer
   131 | D        | Noticed a fleshlord
   132 | D        | Noticed a meat beast
   132 | D        | Killed a meat beast
   132 | D        | Killed a fleshlord
   133 | D        | Killed a destroyer
   133 | D        | Noticed a fleshlord
   134 | D        | Killed a fleshlord
   135 | D        | Noticed a destroyer
   135 | D        | Noticed a destroyer
   135 | D        | Noticed a fleshlord
   135 | D        | Noticed a fleshlord
   136 | D        | Killed a destroyer
   136 | D        | Killed a fleshlord
   136 | D        | Killed a fleshlord
   137 | D        | Killed a destroyer
   137 | D        | Noticed a destroyer
   138 | D        | Killed a destroyer
   140 | D        | Noticed a meat beast
   140 | D        | Killed a meat beast
   140 | D        | Noticed a meat beast
   140 | D        | Noticed a dread
   141 | D        | Killed a meat beast
   141 | D        | Killed a dread
   142 | D        | Noticed a fleshlord
   143 | D        | Noticed a dread
   143 | D        | Killed a fleshlord
   143 | D        | Killed a dread
   143 | D        | Noticed an accursed
   144 | D        | Noticed The Meatlord
   144 | D        | Killed The Meatlord
   144 | D        | Killed an accursed
   144 | D        | Noticed a fleshlord
   144 | D        | Noticed an accursed
   145 | D        | Noticed a fleshlord
   145 | D        | Noticed a tyrant
   146 | D        | Noticed a meat beast
   146 | D        | Noticed a fleshlord
   146 | D        | Noticed a meat beast
   147 | D        | Got the Orb of Zot
   147 | D        | Noticed a fleshlord
   150 | D        | Noticed a fleshlord
   150 | D        | Noticed a fleshlord
   150 | D        | Noticed an accursed
   150 | D        | Noticed a tyrant
   152 | D        | Killed a meat beast
   152 | D        | Killed a meat beast
   152 | D        | Noticed a meat beast
   152 | D        | Noticed a meat beast
   152 | D        | Noticed a fleshlord
   153 | D        | Noticed a fleshlord
   153 | D        | Noticed a dread
   153 | D        | Noticed a meat beast
   153 | D        | Noticed a meat beast
   155 | D        | Noticed Vageotel the pandemonium lord
   155 | D        | Noticed a fleshlord
   155 | D        | Noticed a fleshlord
   156 | D        | Killed a meat beast
   156 | D        | Killed a fleshlord
   156 | D        | Killed a fleshlord
   157 | D        | Killed a meat beast
   157 | D        | Killed a meat beast
   157 | D        | Noticed a tyrant
   158 | D        | Noticed a meat beast
   159 | D        | Killed a meat beast
   159 | D        | Killed an accursed
   159 | D        | Killed a dread
   160 | D        | Noticed a large bag of meat
   160 | D        | Noticed a meat beast
   161 | D        | Noticed an accursed
   162 | D        | Noticed a meat beast
   162 | D        | Escaped with the Orb!

Illustrated notes

Levels and vault maps discovered:
D:        meatsprint

Skill      XL: |  1  2  3  4  5  6  7  8  9 10 11 12 13 14 15 16 17 18 19 20 21 22 23 24 25 26 27 |
---------------+----------------------------------------------------------------------------------+-----
Axes           | 24 26 27 | 27.0
Spellcasting   | 14 18 21 25 27 | 27.0
Conjurations   | 14 18 21 25 27 | 27.0
Hexes          | 14 18 21 25 27 | 27.0
Summonings     | 14 18 21 25 27 | 27.0
Necromancy     | 14 18 21 25 27 | 27.0
Translocations | 14 18 21 25 27 | 27.0
Transmutations | 14 18 21 25 27 | 27.0
Fire Magic     | 14 18 21 25 27 | 27.0
Ice Magic      | 14 18 21 25 27 | 27.0
Air Magic      | 14 18 21 25 27 | 27.0
Earth Magic    | 14 18 21 25 27 | 27.0
Poison Magic   | 14 18 21 25 27 | 27.0
Fighting       | 16 21 27 | 27.0
Armour         | 5 7 19 27 | 27.0
Dodging        | 17 22 27 | 27.0
Throwing       | 3 27 | 27.0
Maces & Flails | 11 19 21 27 | 27.0
Polearms       | 11 19 21 27 | 27.0
Stealth        | 12 20 23 27 | 27.0
Unarmed Combat | 13 22 25 27 | 27.0
Short Blades   | 4 12 18 27 | 27.0
Long Blades    | 4 12 18 27 | 27.0
Staves         | 4 12 18 27 | 27.0
Ranged Weapons | 3 11 17 27 | 27.0
Shields        | 4 13 19 27 | 27.0
Invocations    | 4 13 19 27 | 27.0
Evocations     | 4 13 19 27 | 27.0
Shapeshifting  | 3 11 17 27 | 27.0

Action                     |  1- 3 |  4- 6 |  7- 9 | 10-12 | 13-15 | 16-18 | 19-21 | 22-24 | 25-27 || total
---------------------------+-------+-------+-------+-------+-------+-------+-------+-------+-------++-------
  Melee: Executioner's axe |     1 |       |       |     1 |     6 |     8 |     8 |     8 |   268 ||   300
   Cast: Manifold Assault  |       |       |       |       |     2 |     1 |     1 |       |    92 ||    96
         Vhi's Electric Ch |       |       |       |       |     2 |     3 |       |       |     2 ||     7
         Death's Door      |       |       |       |       |       |       |       |       |     1 ||     1
         Monstrous Menager |       |       |       |       |       |       |       |       |     1 ||     1
    Use: Scroll            |       |       |       |       |       |       |       |       |     2 ||     2
         Potion            |       |       |       |       |       |       |       |       |     1 ||     1
 Armour: Leather armour    |       |       |       |       |     1 |       |       |     8 |    50 ||    59
  Dodge: Dodged            |       |       |       |     1 |       |       |       |       |    10 ||    11

Table legend: (Time is in decaauts)
 A = Elapsed time spent in this place.
 B = Non-inter-level travel time spent in this place.
 C = Inter-level travel time spent in this place.
 D = Time resting spent in this place.
 E = Time spent auto-exploring this place.
 F = Levels seen in this place.
 G = Mean time per level.
                   A        B        C        D        E       F      G
               +--------+--------+--------+--------+--------+-----+--------+
         Total |    146 |    146 |      0 |      0 |      0 |   1 |  146.0 |
       Dungeon |    146 |    146 |      0 |      0 |      0 |   1 |  146.0 |
               +--------+--------+--------+--------+--------+-----+--------+

Top non-repeatable levels by time:
       D: 146 daAuts
